 Dungeon Crawl Stone Soup version 0.20.0-15-g7f486f2 (webtiles) character file.

147599 theElss the Bludgeoner (level 17, 0/172 HPs)
             Began as a Gargoyle Berserker on June 15, 2017.
             Was the Champion of Trog.
             Slain by a merfolk
             ... wielding a +0 glaive
              (6 damage)
             ... on level 4 of the Shoals on June 19, 2017.
             The game lasted 01:42:05 (29710 turns).

theElss the Bludgeoner (Gargoyle Berserker)        Turns: 29710, Time: 01:42:06

Health: 0/172      AC: 34    Str: 29    XL:     17   Next: 47%
Magic:  18/18      EV: 12    Int: 10    God:    Trog [******]
Gold:   2032       SH:  7    Dex:  9    Spells: 16/16 levels left

rFire    . . .     SeeInvis .   w - +11 morningstar of Megalomania {flame, rN+}
rCold    + + +     Gourm    .   s - +0 buckler
rNeg     + + +     Faith    +   Y - +0 chain mail of Plasticity {rC+++ rN++ rCorr Int-5}
rPois    ∞         Spirit   .   H - +1 helmet {Int+3}
rElec    +         Reflect  .   t - +0 cloak
rCorr    +         Harm     .   S - +0 pair of gloves
MR       ++++.                  P - +1 pair of boots
Stlth    ..........             J - amulet of faith
Regen    1.4/turn               Q - ring of protection from magic
MPRegen  0.2/turn               o - +6 ring of slaying

@: berserking, flying, regenerating, very quick
A: big wings, negative energy resistance 1, electricity resistance, unbreathing,
petrification resistance, rot immunity, AC +12
a: Stop Flying, Berserk, Trog's Hand, Brothers in Arms, Burn Spellbooks,
Renounce Religion


You were on level 4 of the Shoals.
You worshipped Trog.
Trog was exalted by your worship.
You were near starving.

You visited 4 branches of the dungeon, and saw 27 of its levels.
You also visited: Labyrinth and Bailey.

You collected 2393 gold pieces.
You spent 361 gold pieces at shops.

Inventory:

Hand Weapons
 w - the +11 morningstar of Megalomania (weapon) {flame, rN+}
   (Trog gifted it to you on level 11 of the Dungeon)

   It has been specially enchanted to burn those struck by it, causing extra
   injury to most foes and up to half again as much damage against particularly
   susceptible opponents.
   It protects you from negative energy.
Armour
 m - the +0 leather armour of the Lotus Blossom {rN+ MR- Str+2, unknown}
   (You found it on level 12 of the Dungeon)

   It affects your strength (+2).
   It protects you from negative energy.
   It affects your resistance to hostile enchantments.
 s - a +0 buckler (worn)
 t - a +0 cloak (worn)
 H - a +1 helmet of intelligence (worn)
 P - a +1 pair of boots (worn)
 S - a +0 pair of gloves (worn)
 Y - the +0 chain mail of Plasticity (worn) {rC+++ rN++ rCorr Int-5}
   (You found it in a bailey)

   It affects your intelligence (-5).
   It renders you almost immune to cold.
   It greatly protects you from negative energy.
   It protects you from acid and corrosion.
Jewellery
 a - a +5 amulet of reflection
 o - a +6 ring of slaying (right hand)
 q - an uncursed ring of resist corrosion
 J - an amulet of faith (around neck)
 K - a +2 ring of evasion {unknown}
 M - a +3 ring of dexterity
 N - an uncursed ring of see invisible
 Q - a ring of protection from magic (left hand)
Wands
 b - a wand of enslavement (12/24)
 d - a wand of digging (8/24)
 k - a wand of digging (1/24)
 u - a wand of random effects (30/48)
 y - a wand of digging (12/24)
 z - a wand of flame (32/48)
 B - a wand of disintegration (13/24)
 I - a wand of iceblast (7/15)
 O - a wand of random effects (23/48)
 V - a wand of random effects (24/48)
Scrolls
 g - 5 scrolls of magic mapping
 j - 12 scrolls of remove curse
 v - 4 scrolls of fog
 x - 4 scrolls of identify
 C - a scroll of summoning {unknown}
 E - a scroll of recharging
 F - 5 scrolls of blinking
 G - 12 scrolls of teleportation
 L - 2 scrolls of vulnerability {unknown}
 R - a scroll of enchant weapon
 W - a scroll of holy word
 X - a scroll of torment {unknown}
 Z - 2 scrolls of fear {unknown}
Potions
 e - 9 potions of haste
 h - a potion of resistance {unknown}
 i - 5 potions of heal wounds
 n - 9 potions of curing
 D - 2 potions of brilliance {unknown}
 T - 4 potions of invisibility
Books
 r - a book of Maledictions

   Spells                             Type                      Level
   a - Corona                         Hexes                        1
   b - Ensorcelled Hibernation        Hexes/Ice                    2
   c - Confuse                        Hexes                        3
   d - Tukima's Dance                 Hexes                        3
   e - Dazzling Spray                 Conjuration/Hexes            3
   Trog disapproves of the use of such an item.
Comestibles
 c - 18 bread rations
 f - 12 royal jellies
 l - 2 chunks of flesh
 p - 9 meat rations
 U - 15 fruits


   Skills:
 - Level 15.9 Fighting
 - Level 17.6 Maces & Flails
 - Level 14.1 Armour
 - Level 6.3 Dodging
 - Level 2.9 Stealth
 + Level 14.5 Shields
 - Level 1.6 Evocations


You had 16 spell levels left.
You didn't know any spells.

Dungeon Overview and Level Annotations

Branches:
Dungeon (15/15) Temple (0/1) D:5 Lair (6/6) D:10 Shoals (4/4) Lair:3 Spider (0/4) Lair:3 Slime (0/5) Lair:5 Orc (2/2) D:9 Elf (0/3) Orc:1 Orc:2 Vaults (0/5) D:14 Depths (0/5) D:15

Altars:
Elyvilon
Fedhas
Okawaru
Ru
Sif Muna
Trog
Xom
The Shining One
Beogh
Jiyva

Shops:
D:8 :(   Orc:2 %***   Shoals:1 *%[(=


Innate Abilities, Weirdness & Mutations

You are resistant to torment.
Your stone body is resilient. (AC +12)
You are immune to poison.
Your large and strong wings let you fly indefinitely.
You resist negative energy. (rN+)
You are resistant to electric shocks. (rElec)
You can survive without breathing.
You are immune to petrification.
You are immune to rotting.


Message History

The merfolk hits you from afar with a spear!
* * * LOW HITPOINT WARNING * * *
Things that are here:
a trident of venom; a leather armour Unknown command.
You closely miss the merfolk. The merfolk hits you with a spear.
* * * LOW HITPOINT WARNING * * *
The merfolk closely misses you.
Unknown command.
You bludgeon the merfolk!! You burn the merfolk!
The merfolk is almost dead.
Your troll misses the merfolk.
Your troll claws the merfolk.
Your troll barely misses the merfolk.
Unknown command.
You impale the merfolk!! You burn the merfolk.
You feel the power of Trog in you as your rage grows.
You kill the merfolk!
Trog accepts your kill. You block the merfolk's attack.
The merfolk hits you with a glaive.
You die...

≈≈≈≈≈≈≈≈≈≈≈# #≈≈≈≈≈≈≈≈≈≈≈≈≈
≈≈≈≈≈≈≈≈≈≈≈# #≈≈≈≈≈≈≈≈≈≈≈≈≈
≈≈≈≈≈≈≈≈≈≈≈# #.≈≈≈≈≈≈≈≈≈≈≈≈
≈≈≈≈≈≈≈≈≈≈≈## ##.≈≈..≈≈≈≈≈≈≈≈
≈≈≈≈≈≈≈≈≈≈≈≈#####.......≈≈≈≈≈≈≈
≈≈≈≈≈≈≈≈≈...............≈≈≈≈≈≈≈
≈≈≈≈≈≈≈≈≈......≈m...)#..≈≈≈≈≈≈≈
≈≈≈≈≈.≈≈≈......m)m#.###.≈≈≈≈≈≈≈
≈≈≈##'##≈......)@T#####.≈≈≈≈≈≈≈
≈≈##†..##.....≈≈≈.# #...≈≈≈≈≈≈≈
≈≈#≈≈≈≈.#.....≈≈≈.# #...≈≈≈≈≈≈≈
≈≈#≈≈}..#.....≈≈≈†###....≈≈≈≈≈≈
≈≈#≈≈...#.....≈≈≈........≈≈≈.≈≈
≈≈##≈..##......≈≈....≈≈≈≈≈≈≈≈≈≈
≈≈≈#####.......≈.....≈≈..≈≈≈≈≈≈
≈≈≈....)...............###.≈≈≈≈≈
≈≈.....................##..≈≈≈≈≈≈


You could see 3 merfolk and a friendly troll (berserk).

Vanquished Creatures
  Gastronok (Lair:1)
  Nessos (Lair:6)
  The ghost of PeterMcNeter the Spear-Bearer, a journeyman DrVM of Hepliaklqana (Lair:6)
  Snorg (Lair:6)
  5 merfolk impalers
  A merfolk javelineer (Shoals:4)
  A minotaur (Lab)
  10 hydras
  Harold (Lair:3)
  Fannar (Orc:1)
  4 merfolk avatars
  A vault guard (D:14)
  An anaconda (Lair:6)
  A death knight (D:15)
  2 centaur warriors (D:15)
  2 alligator snapping turtles
  2 death yaks (D:10)
  4 two-headed ogres
  Urug (Lair:5)
  4 orc high priests
  Sonja (Lair:1)
  The ghost of Quirk the Carver, a novice DsFi of Okawaru (Bailey)
  A fire crab (shapeshifter) (D:15)
  5 sea snakes
  2 unseen horrors
  A glowing orange brain (D:15)
  12 harpies
  4 orc knights (Orc:2)
  7 ugly things
  5 orc sorcerers (Orc:2)
  8 cyclopes
  20 fauns
  16 manticores
  A deep elf mage (D:15)
  5 elephants (Lair:3)
  Joseph (D:7)
  10 merfolk sirens
  3 centaur zombies
  2 water nymphs
  7 black mambas
  Psyche (D:8)
  24 spiny frogs
  3 gargoyles
  An efreet (D:14)
  2 rime drakes
  2 yaktaurs (D:14)
  A freezing wraith (D:9)
  12 komodo dragons
  2 tengu conjurers (D:14)
  26 merfolk
  7 meliai
  A jumping spider (Lair:3)
  10 trolls
  A harpy zombie (Shoals:1)
  4 tyrant leeches
  A hornet (D:11)
  A harpy skeleton (D:15)
  17 slime creatures
  4 wind drakes
  A dream sheep (shapeshifter) (D:15)
  33 blink frogs
  5 snapping turtles
  21 dream sheep
  11 hippogriffs
  A meliai zombie (D:14)
  2 shadows
  A spriggan (D:7)
  43 yaks
  3 water elementals
  5 wyverns
  8 humans (D:14)
  The ghost of Poroing the Chopper, an amateur HOFi (D:3)
  A hog (shapeshifter) (D:15)
  A basilisk (Lair:1)
  Grum (Lair:1)
  15 vampire mosquitoes
  Menkaure (D:7)
  A hungry ghost (D:13)
  Edmund (D:5)
  Duvessa (D:7)
  16 water moccasins
  4 porcupines
  2 black bears
  30 orc warriors
  An ice beast (D:9)
  3 phantoms
  2 sky beasts
  A necrophage (D:11)
  14 ogres
  An eye of draining (D:11)
  19 centaurs
  12 wolves
  19 crocodiles
  A crocodile (shapeshifter) (D:15)
  A big kobold (D:13)
  4 hippogriff zombies (Shoals:1)
  34 bullfrogs
  A wyvern zombie (D:11)
  Dowan (D:7)
  A water moccasin skeleton (D:8)
  A scorpion (D:9)
  12 killer bees
  3 wights (D:11)
  2 vampire bats (D:7)
  3 howler monkeys
  2 electric eels
  7 crimson imps
  4 centaur skeletons
  8 jellies
  17 orc priests
  3 bullfrog skeletons
  12 hounds
  7 worker ants
  3 iguanas
  21 orc wizards
  6 hell rats (Lair:1)
  A killer bee zombie (D:10)
  A hound zombie (D:5)
  2 hound skeletons
  A howler monkey zombie (D:7)
  Robin (D:4)
  A worker ant zombie (D:6)
  21 adders
  13 gnolls
  2 howler monkey skeletons
  4 shadow imps
  8 oozes
  3 worms (D:2)
  6 leopard geckos
  75 orcs
  2 ball pythons
  A bat zombie (Shoals:1)
  5 giant cockroaches
  17 goblins
  13 hobgoblins
  6 jackals
  6 quokkas
  14 bats
  11 frilled lizards
  A jackal skeleton (D:6)
  19 kobolds
  A quokka zombie (D:10)
  6 rats
  A plant (D:7)
954 creatures vanquished.

Vanquished Creatures (collateral kills)
  A vault guard (D:14)
  A death yak (D:10)
  A wizard (D:14)
  2 necromancers (D:14)
  2 meliai (D:14)
  7 humans (D:14)
  A wyvern (D:14)
  2 orc warriors (D:14)
  A wyvern zombie (D:14)
18 creatures vanquished.

Vanquished Creatures (others)
  An ugly thing (D:15)
  An orc wizard (D:6)
  6 fungi (Lair:6)
  57 plants
  7 toadstools (D:4)
72 creatures vanquished.

Grand Total: 1044 creatures vanquished

Notes
Turn   | Place    | Note
-------+----------+-------------------------------------------
     0 | D:1      | theElss the Gargoyle Berserker began the quest for the Orb.
     0 | D:1      | Reached XP level 1. HP: 14/14 MP: 1/1
    85 | D:1      | Reached XP level 2. HP: 4/19 MP: 2/2
  1115 | D:2      | Reached XP level 3. HP: 14/24 MP: 3/3
  1759 | D:2      | Reached ** piety under Trog
  1759 | D:2      | Reached XP level 4. HP: 27/29 MP: 4/4
  1775 | D:2      | Reached skill level 4 in Maces & Flails
  1986 | D:2      | Found a deep blue altar of Sif Muna.
  2262 | D:2      | Reached XP level 5. HP: 25/33 MP: 5/5
  2987 | D:3      | Found a white marble altar of Elyvilon.
  3148 | D:3      | Noticed Poroing's ghost (amateur HOFi)
  3156 | D:3      | Killed Poroing's ghost
  3156 | D:3      | Reached skill level 5 in Maces & Flails
  3156 | D:3      | Reached skill level 1 in Stealth
  3156 | D:3      | Reached XP level 6. HP: 34/39 MP: 6/6
  3295 | D:4      | Noticed a phantom
  3302 | D:4      | Killed a phantom
  3364 | D:4      | Reached XP level 7. HP: 42/44 MP: 7/7
  3491 | D:4      | Reached *** piety under Trog
  3500 | D:4      | Reached skill level 6 in Maces & Flails
  3657 | D:4      | Noticed Robin
  3670 | D:4      | Killed Robin
  3748 | D:4      | Reached skill level 5 in Fighting
  4025 | D:4      | Got a heavily runed leather armour
  4036 | D:4      | Identified the +1 leather armour of the Nightingale {MR++ Dex-2} (You found it on level 4 of the Dungeon)
  4192 | D:5      | Entered Level 5 of the Dungeon
  4192 | D:5      | Noticed Edmund
  4199 | D:5      | Killed Edmund
  4199 | D:5      | Reached XP level 8. HP: 49/49 MP: 8/8
  4461 | D:5      | Found a staircase to the Ecumenical Temple.
  4720 | D:5      | Reached skill level 7 in Maces & Flails
  4747 | D:5      | Reached **** piety under Trog
  4777 | D:5      | Found a bloodstained altar of Trog.
  5275 | D:6      | Reached skill level 8 in Maces & Flails
  5560 | D:6      | Reached XP level 9. HP: 38/55 MP: 9/9
  5819 | D:6      | Reached skill level 5 in Armour
  6438 | D:7      | Reached skill level 9 in Maces & Flails
  6487 | D:7      | Noticed Menkaure
  6492 | D:7      | Killed Menkaure
  6532 | D:7      | Noticed Joseph
  6544 | D:7      | Killed Joseph
  7005 | D:7      | Reached skill level 10 in Maces & Flails
  7050 | D:7      | Noticed Dowan
  7052 | D:7      | Noticed Duvessa
  7066 | D:7      | Killed Duvessa
  7068 | D:7      | Killed Dowan
  7137 | D:7      | Reached XP level 10. HP: 62/63 MP: 10/10
  7427 | D:8      | Found Xahel's Antique Weapon Shop.
  7448 | D:8      | Reached ***** piety under Trog
  7478 | D:8      | Found a sacrificial altar of Ru.
  7868 | D:8      | Found an iron altar of Okawaru.
  7868 | D:8      | Found a shimmering altar of Xom.
  7908 | D:8      | Noticed Psyche
  7919 | D:8      | Killed Psyche
  8054 | D:8      | Found a blossoming altar of Fedhas.
  8073 | D:8      | Reached skill level 11 in Maces & Flails
  8100 | D:8      | Noticed a two-headed ogre
  8110 | D:8      | Killed a two-headed ogre
  8205 | D:8      | Found Kajueh's Book Boutique.
  8311 | D:9      | Got a crude brass ring
  8357 | D:9      | Found a shimmering altar of Xom.
  8398 | D:9      | Found a staircase to the Orcish Mines.
  8478 | D:9      | Found a glowing golden altar of the Shining One.
  8818 | D:9      | Reached skill level 12 in Maces & Flails
  9004 | D:10     | Entered Level 10 of the Dungeon
  9018 | D:10     | Reached XP level 11. HP: 69/69 MP: 11/11
  9190 | D:10     | Found a flagged portal.
  9211 | Bailey   | Entered a bailey
  9245 | Bailey   | Noticed Quirk's ghost (novice DsFi)
  9264 | Bailey   | Killed Quirk's ghost
  9365 | Bailey   | Received a gift from Trog
 10367 | Bailey   | Got an ancient chain mail
 10454 | Bailey   | Identified the ring of Sif Muna's Wrath {-Tele rElec rF+ rC+} (You found it on level 9 of the Dungeon)
 10554 | Bailey   | Identified the cursed +0 chain mail of Plasticity {rC+++ rN++ rCorr Int-5} (You found it in a bailey)
 10780 | D:10     | Noticed a death yak
 10780 | D:10     | Noticed a death yak
 10781 | D:10     | Noticed a death yak
 10798 | D:10     | Reached skill level 1 in Evocations
 10822 | D:10     | Killed a death yak
 10834 | D:10     | Killed a death yak
 10863 | D:10     | Killed a death yak
 10863 | D:10     | Reached skill level 10 in Fighting
 11124 | D:10     | Found a staircase to the Lair.
 11468 | D:11     | Received a gift from Trog
 11471 | D:11     | Got a scorched morningstar {god gift}
 11472 | D:11     | Identified the +11 morningstar of Megalomania {flame, rN+} (Trog gifted it to you on level 11 of the Dungeon)
 11633 | D:11     | Noticed a cyan ugly thing
 11644 | D:11     | Killed a cyan ugly thing
 11689 | D:11     | Noticed a white ugly thing
 11694 | D:11     | Reached XP level 12. HP: 66/77 MP: 7/13
 11700 | D:11     | Reached skill level 10 in Armour
 11807 | D:11     | Reached skill level 13 in Maces & Flails
 12401 | Lair:1   | Entered Level 1 of the Lair of Beasts
 12432 | Lair:1   | Noticed Sonja
 12444 | Lair:1   | Killed Sonja
 12503 | Lair:1   | Noticed Grum
 12511 | Lair:1   | Killed Grum
 12792 | Lair:1   | Noticed Gastronok
 12803 | Lair:1   | Killed Gastronok
 12803 | Lair:1   | Reached ****** piety under Trog
 12803 | Lair:1   | Reached skill level 14 in Maces & Flails
 13348 | Lair:2   | Reached XP level 13. HP: 85/85 MP: 14/14
 13824 | Lair:2   | Found a blossoming altar of Fedhas.
 13971 | Lair:3   | Noticed Harold
 13986 | Lair:3   | Killed Harold
 14533 | Lair:3   | Found a staircase to the Shoals.
 14541 | Lair:3   | Reached skill level 15 in Maces & Flails
 14641 | Lair:3   | Found a hole to the Spider Nest.
 14679 | Lair:3   | Received a gift from Trog
 14679 | Lair:3   | Reached skill level 5 in Dodging
 14775 | Lair:3   | Got a pitted leather armour
 16081 | Lair:5   | Gained mutation: Your large and strong wings let you fly indefinitely. [Gargoyle growth]
 16081 | Lair:5   | Reached XP level 14. HP: 94/94 MP: 15/15
 16152 | Lair:5   | Reached skill level 16 in Maces & Flails
 16168 | Lair:5   | Found a staircase to the Slime Pits.
 16218 | Lair:5   | Received a gift from Trog
 16432 | Lair:5   | Found a viscous altar of Jiyva.
 16454 | Lair:5   | Noticed Urug
 16472 | Lair:5   | Killed Urug
 16957 | Lair:6   | Entered Level 6 of the Lair of Beasts
 17240 | Lair:6   | Noticed Nessos
 17261 | Lair:6   | Killed Nessos
 17419 | Lair:6   | Received a gift from Trog
 17870 | Lair:6   | Got a scorched copper ring
 18323 | Lair:6   | Noticed Snorg
 18341 | Lair:6   | Noticed PeterMcNeter's ghost (journeyman DrVM)
 18344 | Lair:6   | Killed Snorg
 18344 | Lair:6   | Reached XP level 15. HP: 89/101 MP: 16/16
 18359 | Lair:6   | Killed PeterMcNeter's ghost
 18729 | Lair:6   | Identified the ring of Hacs {rElec EV+2} (You found it on level 6 of the Lair of Beasts)
 18746 | Lair:6   | Reached skill level 17 in Maces & Flails
 19131 | Orc:1    | Entered Level 1 of the Orcish Mines
 19138 | Orc:1    | Received a gift from Trog
 19431 | Orc:1    | Noticed Fannar
 19437 | Orc:1    | Killed Fannar
 19674 | Orc:2    | Entered Level 2 of the Orcish Mines
 19699 | Orc:2    | Found a roughly hewn altar of Beogh.
 19751 | Orc:2    | Received a gift from Trog
 19776 | Orc:2    | Found a labyrinth entrance.
 19795 | Lab      | Entered a labyrinth
 20072 | Lab      | Identified Veof's Volume of Transmutation and Orientation
 20374 | Orc:2    | Found a staircase to the Elven Halls.
 20774 | Orc:2    | Reached skill level 15 in Fighting
 20787 | Orc:2    | Found Katinan's General Store.
 20822 | Orc:2    | Paralysed by an orc sorcerer for 5 turns
 21114 | Orc:2    | Found Ziyngif's Food Shop.
 21118 | Orc:2    | Found Uqoij's Assorted Antiques.
 21124 | Orc:2    | Found Qestomoduola's Assorted Antiques.
 21132 | Orc:2    | Bought a pair of runed boots for 172 gold pieces
 21416 | Lair:1   | Identified the cursed +1 leather armour "Wyamuim" {MR+} (You found it on level 3 of the Lair of Beasts)
 22033 | D:12     | Got a heavily runed leather armour
 22315 | D:13     | Received a gift from Trog
 23214 | D:14     | Received a gift from Trog
 23266 | D:14     | Reached XP level 16. HP: 69/110 MP: 17/17
 23457 | D:14     | Found a gate to the Vaults.
 23798 | D:14     | Reached skill level 1 in Shields
 24167 | D:15     | Entered Level 15 of the Dungeon
 24388 | D:15     | Reached skill level 5 in Shields
 24419 | D:15     | Received a gift from Trog
 24821 | D:15     | Found a staircase to the Depths.
 25090 | Shoals:1 | Entered Level 1 of the Shoals
 25094 | Shoals:1 | Found Wisch's Weapon Emporium.
 25579 | Shoals:1 | Found Nussuole's Antique Armour Shoppe.
 25750 | Shoals:1 | Bought a runed helmet for 157 gold pieces
 25845 | Shoals:1 | Reached skill level 10 in Shields
 25856 | Shoals:1 | Found Zuxtet's Jewellery Shop.
 25923 | Shoals:1 | Bought a cursed amulet of inaccuracy for 32 gold pieces
 25982 | Shoals:1 | Received a gift from Trog
 26159 | Shoals:1 | Found Hutsaq's Assorted Antiques.
 26362 | Shoals:1 | Found Bitur's Food Boutique.
 26374 | Shoals:1 | Got a blackened mace
 26375 | Shoals:1 | Identified the +5 mace of Righteous Anger {drain, *Rage rPois Dex+4} (You found it on level 1 of the Shoals)
 27113 | Shoals:2 | Received a gift from Trog
 27113 | Shoals:2 | Reached XP level 17. HP: 29/115 MP: 18/18
 27849 | Shoals:2 | You are sucked into a shaft!
 28773 | Shoals:3 | Received a gift from Trog
 29162 | Shoals:4 | Entered Level 4 of the Shoals
 29708 | Shoals:4 | HP: 5/172 [merfolk/spear (6)]
 29710 | Shoals:4 | Slain by a merfolk

Skill      XL: |  1  2  3  4  5  6  7  8  9 10 11 12 13 14 15 16 17 |
---------------+----------------------------------------------------+-----
Dodging        | 2 3 4 5 6 |  6.3
Fighting       | 4 5 6 7 8 10 11 13 14 15 | 15.9
Maces & Flails | 4 5 6 8 10 12 14 15 16 17 | 17.6
Stealth        | 1 2 |  2.9
Armour         | 3 4 5 7 9 10 11 12 14 | 14.1
Evocations     | 1 |  1.6
Shields        | 12 14 | 14.5

Action                   |  1- 3 |  4- 6 |  7- 9 | 10-12 | 13-15 | 16-18 || total
-------------------------+-------+-------+-------+-------+-------+-------++-------
Melee: Mace              |    28 |       |       |       |       |       ||    28
       Whip              |    58 |   151 |   110 |   573 |    13 |       ||   905
       Dire flail        |       |       |   223 |       |       |       ||   223
       Morningstar       |       |       |       |   177 |   947 |   650 ||  1774
Invok: Berserk           |     1 |     2 |     4 |     6 |     3 |     3 ||    19
       Trog's Hand       |       |       |       |     1 |     2 |     3 ||     6
       Brothers in Arms  |       |       |       |     1 |     1 |     1 ||     3
 Abil: Evoke Flight      |       |       |       |     5 |       |       ||     5
       Stop Flying       |       |       |       |     4 |       |       ||     4
       Fly               |       |       |       |       |     1 |       ||     1
  Use: Scroll            |       |       |       |    19 |     6 |     4 ||    29
  Eat: Chunk             |     3 |     7 |    16 |    26 |    36 |    24 ||   112
       Fruit             |       |       |       |     1 |       |     1 ||     2
Armor: Animal skin       |    27 |    34 |       |       |       |       ||    61
       Ring mail         |       |     6 |    65 |       |       |       ||    71
       Plate armour      |       |       |    73 |   258 |       |       ||   331
       Chain mail        |       |       |       |   128 |   541 |   531 ||  1200
Dodge: Dodged            |    56 |    80 |   168 |   234 |   400 |   304 ||  1242
Block: Buckler           |       |       |       |       |       |   200 ||   200
